 Dungeon Crawl Stone Soup version 0.29.0-4-gdea44cf6ec (webtiles) character file.

Game seed: 17405587833331278248

3766 qw the Cleaver (level 9, -2/70 (72) HPs)
             Began as a Demonspawn Cinder Acolyte on Sept 8, 2022.
             Was an Initiate of Ignis.
             Slain by a yak (10 damage)
             ... on level 8 of the Dungeon.
             The game lasted 00:03:34 (10960 turns).

qw the Cleaver (Demonspawn Cinder Acolyte)         Turns: 10960, Time: 00:03:34

HP:   -2/70 (72)    AC: 17    Str: 18    XL:     9   Next: 94%
MP:   10/10         EV:  7    Int: 15    God:    Ignis [......]
Gold: 462           SH:  0    Dex: 10    Spells: 10/10 levels left

rFire   + . .      SeeInvis .   Y - +0 war axe
rCold   . . .      Faith    .   (no shield)
rNeg    . . .      Spirit   .   q - +0 chain mail
rPois   .          Reflect  .   (no helmet)
rElec   .          Harm     .   (no cloak)
rCorr   .          Rampage  .   h - +0 pair of gloves
Will    +....                   (no boots)
Stlth   ..........              (no amulet)
HPRegen 0.21/turn               i - +4 ring of protection
MPRegen 0.12/turn               m - ring of willpower

@: about to teleport, lightly drained
A: yellow scales 2, demonic guardian 2
a: Renounce Religion, Rising Flame


You were on level 8 of the Dungeon.
You worshipped Ignis.
Ignis was noncommittal.
You visited 1 branch of the dungeon, and saw 8 of its levels.
You also visited: Sewer.

You collected 462 gold pieces.


Innate Abilities, Weirdness & Mutations

You are mostly covered in yellow scales. (AC +3)
A demonic guardian rushes to your aid.


   Skills:
 - Level 7.0 Fighting
 - Level 11.0 Axes
 - Level 2.1 Throwing
 + Level 3.3 Armour
 - Level 2.0 Dodging
 - Level 1.0 Spellcasting
 - Level 2.6 Fire Magic


You had 10 spell levels left.
You didn't know any spells.
Your spell library contained the following spells:

 Spells                   Type           Power      Damage    Failure   Level
 Scorch                   Fire           16%        2d5       85%         2

Inventory:

Hand Weapons
 k - a +0 morningstar
 Y - a +0 war axe (weapon)
Armour
 h - a +0 pair of gloves (worn)
 q - a +0 chain mail (worn)
Jewellery
 c - a ring of resist corrosion
 i - a +4 ring of protection (left hand)
 m - a ring of willpower (right hand)
 n - a ring of fire
 o - a ring of ice
Scrolls
 d - 6 scrolls of identify
 f - a scroll of teleportation
Potions
 e - 7 potions of curing
 g - a potion of haste
 j - 2 potions of mutation
 l - a potion of cancellation
 r - a potion of might

Dungeon Overview and Level Annotations

Branches:
Dungeon (8/15)             Temple (0/1) D:5           Sewer (visited)
   Lair: D:8-11

Altars:
Ru
Sif Muna
Trog
Wu Jian

Shops:
D:1 =

Annotations:
D:3 3 runed translucent doors, qw's ghost, weakling GrBe


Message History

The yak is severely wounded.
You hit the yak but do no damage. The yak barely misses you.
The yak gores you but does no damage.
You slash the yak!
The yak is almost dead.
You hit the yak but do no damage. You hit the yak.
The yak gores you but does no damage. The yak gores you.
The yak gores you but does no damage.
You closely miss the yak.
The yak is almost dead.
You barely miss the yak. You hit the yak. The yak gores you!
The yak gores you but does no damage. x2
You hit the yak but do no damage.
The yak is almost dead.
You barely miss the yak. x2
The yak gores you! x3
You hit the yak but do no damage.
The yak is almost dead.
You slash the yak! You hit the yak but do no damage. The yak gores you!
The yak gores you. The yak closely misses you.
10957 ||| READING 2 scrolls of teleportation.
As you read the scroll of teleportation, it crumbles to dust.
You feel strangely unstable. The yak gores you. The yak gores you!
A demonic guardian appears!
The yak barely misses you.
10958 ||| DRINKING potion of heal wounds.
You feel much better. The yak gores you. The yak gores you but does no damage.
The yak gores you!
Your rust devil hits the yak.
Your rust devil corrodes the yak!
You slash the yak!
You kill the yak!
You hit the yak. You barely miss the yak. The yak closely misses you.
The yak gores you but does no damage.
You closely miss the yak.
The yak is moderately wounded.
You hit the yak but do no damage.
Your rust devil hits the yak.
The yak seems to be corroded for longer.
The yak gores you!
You die...

#(........
#.......l
#.$.....
......
#...$ ...
#.#
##Y#####..
#.@Y......
#...4.!...
#<........
#.........
###..#####
...# ....#
###... ...


You could see 2 yaks and a friendly rust devil (summoned).

Vanquished Creatures
  A two-headed ogre (D:7)
  A yak (D:8)
  A wyvern (D:5)
  A steam dragon (D:6)
  2 sky beasts (D:6)
  2 black bears (D:6)
  An ice beast (D:6)
  An ogre (D:4)
  2 centaurs
  2 phantoms
  2 bullfrogs (D:7)
  A necrophage (D:4)
  4 wights (D:7)
  6 killer bees (D:7)
  4 howler monkeys (D:7)
  6 hounds
  3 jellies
  2 orc priests (D:7)
  A gnoll bouda (D:7)
  An iguana (D:7)
  An orc wizard (D:6)
  A merfolk avatar (Sewer)
  12 adders
  4 gnolls
  A river rat (Sewer)
  A shadow imp (D:5)
  A white imp (D:5)
  An ufetubus (D:7)
  4 worms
  5 dart slugs
  15 orcs
  3 bats
  10 endoplasms
  5 giant cockroaches
  6 goblins
  5 hobgoblins
  13 kobolds
  5 quokkas
  8 ball pythons
  7 frilled lizards
  20 rats
172 creatures vanquished.

Vanquished Creatures (collateral kills)
  An ice beast (D:7)
  An ogre (D:4)
  A wight (D:7)
  2 howler monkeys (D:7)
  A merfolk siren (Sewer)
  4 gnolls
  An orc (D:4)
11 creatures vanquished.

Vanquished Creatures (others)
  A bush (D:7)
1 creature vanquished.

Grand Total: 184 creatures vanquished

Notes
Turn   | Place    | Note
-------+----------+-------------------------------------------
     0 | D:1      | qw the Demonspawn Cinder Acolyte began the quest for the
                  | Orb.
     0 | D:1      | Reached XP level 1. HP: 18/18 MP: 2/2
     0 | D:1      | 0 ||| qw: Version: 0.1-a-112-g44dc6cd
     0 | D:1      | 0 ||| qw: Game counter: 6680
     0 | D:1      | 0 ||| qw: Always use a shield: true
     0 | D:1      | 0 ||| qw: God list: Okawaru
     0 | D:1      | 0 ||| qw: Allow faded altars: false
     0 | D:1      | 0 ||| qw: Do Orc after D:15 true
     0 | D:1      | 0 ||| qw: Do second Lair branch before Depths: true
     0 | D:1      | 0 ||| qw: Lair rune preference: random
     0 | D:1      | 0 ||| qw: Plans: Normal
     0 | D:1      | 0 ||| PLANNING D:1-11
    79 | D:1      | 79 ||| INVOKING Fiery Armour.
   240 | D:1      | Reached skill level 3 in Axes
   521 | D:1      | Found Sokhlapi's One-of-a-Kind Rings.
   522 | D:1      | 522 ||| Stepping ~*~*~tactically~*~*~ (hiding).
   525 | D:1      | Gained mutation: You are partially covered in yellow
                  | scales. (AC +2) [demonic ancestry]
   525 | D:1      | Reached XP level 2. HP: 24/24 MP: 3/3
   544 | D:1      | 544 ||| SHOPLISTING +10 ring of dexterity (1183 gold, have
                  | 38).
   544 | D:1      | 544 ||| SHOPLISTING +2 ring of evasion (130 gold, have 38).
   544 | D:1      | 544 ||| SHOPLISTING +4 ring of dexterity (195 gold, have
                  | 38).
   544 | D:1      | 544 ||| SHOPLISTING ring "Utyugase" {Wiz rCorr Dex+3} (635
                  | gold, have 38).
   544 | D:1      | 544 ||| SHOPLISTING ring of Anarchy {rElec rCorr Str+3
                  | Dex+2} (578 gold, have 38).
   544 | D:1      | 544 ||| SHOPLISTING ring of Leoneak {Ice Str+7 Dex+5} (743
                  | gold, have 38).
   552 | D:1      | 552 ||| Stepping ~*~*~tactically~*~*~ (stealth).
   562 | D:1      | 562 ||| Stepping ~*~*~tactically~*~*~ (stealth).
   565 | D:1      | 565 ||| Stepping ~*~*~tactically~*~*~ (stealth).
   569 | D:1      | 569 ||| Stepping ~*~*~tactically~*~*~ (stealth).
   996 | D:1      | Reached XP level 3. HP: 28/29 MP: 4/4
  1272 | D:1      | 1272 ||| READING 2 scrolls labelled RERILO BISTENY.
  1277 | D:1      | 1277 ||| READING scroll labelled MEDANE OBRYSE.
  1322 | D:1      | 1322 ||| SWAPPING to +0 hand axe.
  1323 | D:1      | 1323 ||| DROPPING -1 hand axe of chaos.
  1324 | D:1      | 1324 ||| READING 6 scrolls labelled GEL VAREUBROWN.
  1325 | D:1      | 1325 ||| READING 5 scrolls of identify.
  1325 | D:1      | 1325 ||| IDENTIFYING smoky dark potion
  1326 | D:1      | 1326 ||| READING 4 scrolls of identify.
  1326 | D:1      | 1326 ||| IDENTIFYING fuming dark potion
  1327 | D:1      | 1327 ||| DROPPING potion of degeneration.
  1357 | D:2      | Reached skill level 4 in Axes
  1452 | D:2      | 1452 ||| Stepping ~*~*~tactically~*~*~ (stealth).
  1549 | D:2      | Reached skill level 1 in Dodging
  1904 | D:2      | 1904 ||| Stepping ~*~*~tactically~*~*~ (hiding).
  1950 | D:2      | Found a shimmering blue altar of Sif Muna.
  1994 | D:2      | Reached XP level 4. HP: 31/35 MP: 5/5
  2243 | D:2      | 2243 ||| UPGRADING to +0 ring mail.
  2253 | D:2      | 2253 ||| DROPPING +0 robe.
  2254 | D:2      | 2254 ||| UPGRADING to +4 ring of protection.
  2255 | D:2      | 2255 ||| READING scroll labelled FILUGE ININ.
  2256 | D:2      | 2256 ||| READING 2 scrolls labelled TECVUA SIADAEG.
  2257 | D:2      | 2257 ||| READING 3 scrolls of identify.
  2257 | D:2      | 2257 ||| IDENTIFYING fizzy emerald potion
  2258 | D:2      | 2258 ||| DROPPING scroll of poison.
  2259 | D:2      | 2259 ||| READING 2 scrolls of teleportation.
  2304 | D:3      | Noticed a centaur
  2317 | D:3      | Killed a centaur
  2318 | D:3      | Reached skill level 5 in Axes
  2318 | D:3      | Gained mutation: A weak demonic guardian rushes to your
                  | aid. [demonic ancestry]
  2318 | D:3      | Reached XP level 5. HP: 26/41 MP: 6/6
  2475 | D:3      | Found a runed translucent gate.
  2475 | D:3      | Found a runed translucent gate.
  2475 | D:3      | Found a runed translucent gate.
  2517 | D:3      | 2517 ||| Stepping ~*~*~tactically~*~*~ (hiding).
  2683 | D:3      | 2683 ||| INVOKING Fiery Armour.
  2698 | D:3      | 2698 ||| FLEEEEING.
  2699 | D:3      | 2699 ||| FLEEEEING.
  2700 | D:3      | 2700 ||| FLEEEEING.
  2701 | D:3      | 2701 ||| FLEEEEING.
  2702 | D:3      | 2702 ||| FLEEEEING.
  2703 | D:3      | 2703 ||| FLEEEEING.
  2713 | D:3      | 2713 ||| STAIRDANCE
  2790 | D:2      | 2790 ||| READING scroll labelled DYMYXA PEMNIFRA.
  2791 | D:2      | 2791 ||| READING 3 scrolls of identify.
  2791 | D:2      | 2791 ||| IDENTIFYING green potion
  2792 | D:2      | 2792 ||| READING 2 scrolls of identify.
  2792 | D:2      | 2792 ||| IDENTIFYING metallic purple potion
  2793 | D:2      | 2793 ||| DROPPING potion of magic.
  2937 | D:3      | Noticed qw's ghost (weakling GrBe)
  3187 | D:3      | 3187 ||| UPGRADING to ring of willpower.
  3188 | D:3      | 3188 ||| READING scroll labelled JOGUESAIMI.
  3189 | D:3      | 3189 ||| READING 3 scrolls of identify.
  3189 | D:3      | 3189 ||| IDENTIFYING fuming yellow potion
  3190 | D:3      | 3190 ||| READING 2 scrolls of identify.
  3190 | D:3      | 3190 ||| IDENTIFYING fizzy ruby potion
  3191 | D:3      | 3191 ||| DROPPING potion of brilliance.
  3192 | D:3      | 3192 ||| DROPPING potion of attraction.
  3222 | D:4      | 3222 ||| Stepping ~*~*~tactically~*~*~ (stealth).
  3224 | D:4      | Noticed an ogre
  3232 | D:4      | HP: 2/41 [ogre/+0 giant spiked club (24)]
  3233 | D:4      | 3233 ||| READING 2 scrolls of teleportation.
  3234 | D:4      | 3234 ||| DRINKING potion of heal wounds.
  3241 | D:4      | 3241 ||| INVOKING Fiery Armour.
  3471 | D:4      | 3471 ||| Stepping ~*~*~tactically~*~*~ (stealth).
  3473 | D:4      | Noticed an ogre
  3474 | D:4      | 3474 ||| Stepping ~*~*~tactically~*~*~ (stealth).
  3478 | D:4      | 3478 ||| Stepping ~*~*~tactically~*~*~ (stealth).
  3487 | D:4      | Reached skill level 6 in Axes
  3487 | D:4      | Gained mutation: You are mostly covered in yellow scales.
                  | (AC +3) [demonic ancestry]
  3487 | D:4      | Reached XP level 6. HP: 43/47 MP: 7/7
  3493 | D:4      | Reached skill level 1 in Armour
  3513 | D:4      | 3513 ||| Stepping ~*~*~tactically~*~*~ (stealth).
  3540 | D:4      | HP: 11/47 [ogre/+0 giant spiked club (19)]
  3541 | D:4      | 3541 ||| READING scroll of teleportation.
  3542 | D:4      | 3542 ||| INVOKING Fiery Armour.
  3567 | D:4      | 3567 ||| FLEEEEING.
  3568 | D:4      | 3568 ||| FLEEEEING.
  3569 | D:4      | 3569 ||| FLEEEEING.
  3570 | D:4      | 3570 ||| FLEEEEING.
  3571 | D:4      | 3571 ||| FLEEEEING.
  3572 | D:4      | 3572 ||| FLEEEEING.
  3573 | D:4      | 3573 ||| FLEEEEING.
  3581 | D:4      | 3581 ||| FLEEEEING.
  3582 | D:4      | 3582 ||| FLEEEEING.
  3588 | D:4      | 3588 ||| STAIRDANCE
  3791 | D:4      | 3791 ||| STAIRDANCE
  4035 | D:4      | 4035 ||| Stepping ~*~*~tactically~*~*~ (stealth).
  4046 | D:4      | 4046 ||| INVOKING Fiery Armour.
  4046 | D:4      | HP: 12/48 [ogre/+0 giant spiked club (9)]
  4048 | D:4      | Reached XP level 7. HP: 14/54 MP: 8/8
  4145 | D:4      | 4145 ||| FLEEEEING.
  4492 | D:4      | Found a bloodstained altar of Trog.
  4576 | D:4      | 4576 ||| UPGRADING to +0 scale mail.
  4586 | D:4      | 4586 ||| DROPPING +0 ring mail.
  4587 | D:4      | 4587 ||| READING scroll labelled LAURPH HIUGIMO.
  4588 | D:4      | 4588 ||| READING scroll labelled VEGUTAIMYN.
  4630 | D:5      | Entered Level 5 of the Dungeon
  4631 | D:5      | 4631 ||| PLANNING SEWER
  4635 | D:5      | 4635 ||| STAIRDANCE
  4735 | D:5      | Reached skill level 7 in Axes
  4896 | D:5      | Found a glowing drain.
  4897 | D:5      | 4897 ||| READING 2 scrolls of identify.
  4897 | D:5      | 4897 ||| IDENTIFYING blue potion
  4898 | D:5      | 4898 ||| DROPPING potion of flight.
  4901 | D:5      | 4901 ||| Stepping randomly (stuck).
  4902 | D:5      | 4902 ||| Stepping randomly (stuck).
  4903 | D:5      | 4903 ||| Stepping randomly (stuck).
  4904 | D:5      | 4904 ||| Stepping randomly (stuck).
  4905 | D:5      | 4905 ||| Stepping randomly (stuck).
  4906 | D:5      | 4906 ||| Stepping randomly (stuck).
  4907 | D:5      | 4907 ||| Stepping randomly (stuck).
  4909 | D:5      | 4909 ||| Stepping randomly (stuck).
  4910 | D:5      | 4910 ||| Stepping randomly (stuck).
  4990 | Sewer    | Entered a sewer
  5249 | Sewer    | 5249 ||| Stepping ~*~*~tactically~*~*~ (stealth).
  5318 | Sewer    | 5318 ||| Stepping ~*~*~tactically~*~*~ (stealth).
  5319 | Sewer    | 5319 ||| Stepping ~*~*~tactically~*~*~ (stealth).
  5334 | Sewer    | 5334 ||| INVOKING Fiery Armour.
  5594 | Sewer    | 5594 ||| UPGRADING to +0 pair of gloves.
  5649 | D:5      | 5649 ||| PLANNING D:1-11
  5743 | D:5      | Found a staircase to the Ecumenical Temple.
  5876 | D:5      | 5876 ||| DROPPING +0 whip.
  6121 | D:5      | Reached skill level 8 in Axes
  6152 | D:5      | Noticed a wyvern
  6161 | D:5      | 6161 ||| INVOKING Fiery Armour.
  6167 | D:5      | Killed a wyvern
  6168 | D:5      | Reached XP level 8. HP: 21/60 MP: 9/9
  6500 | D:5      | Found a sacrificial altar of Ru.
  6670 | D:5      | 6670 ||| DRINKING 2 smoky white potions.
  6671 | D:5      | 6671 ||| DRINKING 2 brown potions.
  6672 | D:5      | 6672 ||| DROPPING potion of invisibility.
  7196 | D:6      | 7196 ||| Stepping ~*~*~tactically~*~*~ (stealth).
  7291 | D:6      | 7291 ||| DROPPING +0 flail.
  7675 | D:6      | Reached skill level 9 in Axes
  7686 | D:6      | 7686 ||| FLEEEEING.
  7687 | D:6      | 7687 ||| FLEEEEING.
  7689 | D:6      | 7689 ||| FLEEEEING.
  7690 | D:6      | 7690 ||| FLEEEEING.
  7691 | D:6      | 7691 ||| FLEEEEING.
  7692 | D:6      | 7692 ||| FLEEEEING.
  7693 | D:6      | 7693 ||| FLEEEEING.
  7694 | D:6      | 7694 ||| FLEEEEING.
  7695 | D:6      | 7695 ||| FLEEEEING.
  7697 | D:6      | 7697 ||| FLEEEEING.
  7698 | D:6      | 7698 ||| FLEEEEING.
  7699 | D:6      | 7699 ||| FLEEEEING.
  7700 | D:6      | 7700 ||| FLEEEEING.
  7701 | D:6      | 7701 ||| FLEEEEING.
  7702 | D:6      | 7702 ||| FLEEEEING.
  7703 | D:6      | 7703 ||| FLEEEEING.
  7704 | D:6      | 7704 ||| FLEEEEING.
  7705 | D:6      | 7705 ||| FLEEEEING.
  7707 | D:6      | 7707 ||| FLEEEEING.
  7709 | D:6      | 7709 ||| FLEEEEING.
  7710 | D:6      | 7710 ||| FLEEEEING.
  7711 | D:6      | 7711 ||| FLEEEEING.
  7712 | D:6      | 7712 ||| FLEEEEING.
  7713 | D:6      | 7713 ||| FLEEEEING.
  8024 | D:6      | 8024 ||| Stepping ~*~*~tactically~*~*~ (hiding).
  8025 | D:6      | 8025 ||| Stepping ~*~*~tactically~*~*~ (hiding).
  8040 | D:6      | Reached skill level 6 in Fighting
  8080 | D:6      | Found an ornate altar of the Wu Jian Council.
  8425 | D:6      | 8425 ||| READING 7 scrolls of identify.
  8425 | D:6      | 8425 ||| IDENTIFYING white potion
  8506 | D:7      | Reached skill level 1 in Throwing
  8559 | D:7      | 8559 ||| Stepping ~*~*~tactically~*~*~ (stealth).
  8563 | D:7      | 8563 ||| INVOKING Fiery Armour.
  8565 | D:7      | Gained mutation: A demonic guardian rushes to your aid.
                  | [demonic ancestry]
  8565 | D:7      | Reached XP level 9. HP: 57/69 MP: 10/10
  8572 | D:7      | HP: 15/69 [poisoned by a killer bee]
  8577 | D:7      | HP: 9/69 [poisoned by a killer bee]
  8944 | D:7      | 8944 ||| Stepping ~*~*~tactically~*~*~ (hiding).
  8949 | D:7      | 8949 ||| INVOKING Fiery Armour.
  9033 | D:7      | 9033 ||| Stepping ~*~*~tactically~*~*~ (stealth).
  9034 | D:7      | 9034 ||| Stepping ~*~*~tactically~*~*~ (stealth).
  9037 | D:7      | 9037 ||| Stepping ~*~*~tactically~*~*~ (stealth).
  9046 | D:7      | 9046 ||| Stepping ~*~*~tactically~*~*~ (stealth).
  9048 | D:7      | 9048 ||| INVOKING Fiery Armour.
  9052 | D:7      | 9052 ||| Stepping ~*~*~tactically~*~*~ (stealth).
  9073 | D:7      | Reached skill level 10 in Axes
  9190 | D:7      | 9190 ||| Stepping ~*~*~tactically~*~*~ (stealth).
  9196 | D:7      | 9196 ||| Stepping ~*~*~tactically~*~*~ (stealth).
  9625 | D:7      | 9625 ||| INVOKING Fiery Armour.
  9783 | D:7      | 9783 ||| Stepping ~*~*~tactically~*~*~ (stealth).
 10108 | D:7      | Noticed a two-headed ogre
 10124 | D:7      | 10124 ||| INVOKING Fiery Armour.
 10130 | D:7      | Killed a two-headed ogre
 10131 | D:7      | Reached skill level 11 in Axes
 10498 | D:7      | 10498 ||| Stepping ~*~*~tactically~*~*~ (hiding).
 10514 | D:7      | Reached skill level 3 in Armour
 10767 | D:7      | 10767 ||| SWAPPING to +7 hand axe.
 10768 | D:7      | 10768 ||| DROPPING +1 hand axe.
 10887 | D:7      | 10887 ||| SWAPPING to +0 war axe.
 10888 | D:7      | 10888 ||| DROPPING +7 hand axe.
 10889 | D:7      | 10889 ||| UPGRADING to +0 chain mail.
 10899 | D:7      | 10899 ||| DROPPING +0 scale mail.
 10900 | D:7      | 10900 ||| READING scroll labelled DOUKEG APLOSK.
 10901 | D:7      | 10901 ||| READING 7 scrolls of identify.
 10901 | D:7      | 10901 ||| IDENTIFYING coppery potion
 10941 | D:8      | 10941 ||| Stepping ~*~*~tactically~*~*~ (stealth).
 10946 | D:8      | 10946 ||| Stepping ~*~*~tactically~*~*~ (stealth).
 10948 | D:8      | 10948 ||| Stepping ~*~*~tactically~*~*~ (stealth).
 10956 | D:8      | HP: 17/68 [yak (1)]
 10957 | D:8      | 10957 ||| READING 2 scrolls of teleportation.
 10957 | D:8      | HP: 3/68 [yak (12)]
 10958 | D:8      | 10958 ||| DRINKING potion of heal wounds.
 10960 | D:8      | Slain by a yak

Levels and vault maps discovered:
D:1:      dpeg_arrival_ternary, layout_basic, nicolae_shop_unique_rings
D:2:      layout_loops_ring, basic_altar, kennysheep_nondescript, minmay_tripent
D:3:      layout_loops_ring, ebering_ghost_rock_garden
D:4:      layout_rooms, lightli_temple_of_fire, general_overflow_altar
D:5:      layout_loops_corners, marbit_many_paths,
          minmay_temple_entry_sparse_star, cheibrodos_sewer_entry_bend,
          chequers_serial_rivers_room_a
D:6:      layout_loops_corners, nicolae_wu_jian_wuxing_cycle
D:7:      layout_layer_cave, minmay_hedge_maze
D:8:      layout_rooms, mainiacjoe_overflow_paths, serial_shops,
          nicolae_shop_statue_plus

Skill      XL: |  1  2  3  4  5  6  7  8  9 |
---------------+----------------------------+-----
Axes           | 3 4 5 6 8 9 11 | 11.0
Dodging        | 1 2 |  2.0
Armour         | 1 2 3 |  3.3
Fighting       | 4 6 7 |  7.0
Throwing       | 1 2 |  2.1
Spellcasting   | |  1.0
Fire Magic     | |  2.6

Action                   |  1- 3 |  4- 6 |  7- 9 || total
-------------------------+-------+-------+-------++-------
Melee: Hand axe          |   149 |   140 |   532 ||   821
       Punch             |     2 |     2 |     9 ||    13
       War axe           |       |       |    12 ||    12
Throw: Javelin           |       |       |     5 ||     5
Invok: Fiery Armour      |     1 |     4 |     7 ||    12
  Use: Scroll            |     5 |    12 |     7 ||    24
       Potion            |       |     1 |     3 ||     4
 Stab: Distracted        |       |       |     2 ||     2
Armor: Robe              |    43 |     3 |       ||    46
       Ring mail         |       |    85 |    13 ||    98
       Scale mail        |       |       |   287 ||   287
       Chain mail        |       |       |     9 ||     9
Dodge: Dodged            |    72 |    76 |   212 ||   360

Table legend:
 A = Non-vault XP
 B = Vault XP
 C = Vault XP percentage of total XP
 D = Non-vault monster count
 E = Vault monster count
 F = Vault count percentage of total count
                 A         B        C        D         E       F
            +---------+---------+-------+---------+---------+-------
      Total |    5183 |     198 |   3.7 |     144 |      39 |  21.3
            +---------+---------+-------+---------+---------+-------
        D:1 |      49 |       0 |   0.0 |      28 |       0 |   0.0
        D:2 |      54 |       3 |   5.3 |      15 |       2 |  11.8
        D:3 |     214 |       0 |   0.0 |      18 |       0 |   0.0
        D:4 |     495 |       0 |   0.0 |      22 |       0 |   0.0
        D:5 |     484 |      18 |   3.6 |      10 |       4 |  28.6
        D:6 |    1183 |       0 |   0.0 |      15 |       0 |   0.0
        D:7 |    2495 |       0 |   0.0 |      35 |       0 |   0.0
        D:8 |     209 |       0 |   0.0 |       1 |       0 |   0.0
      Sewer |       0 |     177 | 100.0 |       0 |      33 | 100.0
            +---------+---------+-------+---------+---------+-------
